 Dungeon Crawl Stone Soup version 0.26.1-11-gd32895ea62 (webtiles) character file.

Game seed: 9794929831604972102

1726 H0rd4k the Insei (level 9, -5/54 HPs)
             Began as an Octopode Transmuter on May 21, 2021.
             Slain by an orc warrior
             ... wielding a +0 halberd
              (26 damage)
             ... in a bailey.
             The game lasted 00:07:57 (8092 turns).

H0rd4k the Insei (Octopode Transmuter)              Turns: 8092, Time: 00:07:58

Health: -5/54      AC:  2    Str: 10    XL:     9   Next: 4%
Magic:  13/15      EV: 21    Int: 18    God:
Gold:   265        SH:  5    Dex: 17    Spells: 13/17 levels left

rFire    . . .     SeeInvis .     - Unarmed
rCold    . . .     Faith    .   (shield currently unavailable)
rNeg     . . .     Spirit   .   (helmet currently unavailable)
rPois    x         Reflect  +   f - amulet of reflection
rElec    .         Harm     .   q - ring of resist corrosion
rCorr    +         Rampage  .   (no ring)
Will     .....                  (no ring)
Stlth    +++.......             (no ring)
HPRegen  0.18/turn              (no ring)
MPRegen  0.14/turn              (no ring)
                                (no ring)
                                (no ring)

@: spider-form
A: tiny, almost no armour, stealthy swim, (amphibious), 8 rings, (constrict 8)
a: End Transformation


You were in a bailey.
You were a venomous arachnid creature.
You visited 1 branch of the dungeon, and saw 7 of its levels.
You also visited: Bailey.

You collected 265 gold pieces.

Inventory:

Jewellery
 f - an amulet of reflection (around neck)
 q - a ring of resist corrosion (left front leg)
 t - an uncursed amulet of guardian spirit
 u - a +4 ring of protection {unknown}
Wands
 n - a wand of flame (20)
 r - a wand of acid (4)
Scrolls
 a - a scroll of immolation {unknown}
 b - 3 scrolls of identify
 c - a scroll of teleportation {unknown}
 e - 2 scrolls of remove curse {unknown}
 h - 2 scrolls of fear {unknown}
 j - 2 scrolls of amnesia {unknown}
 k - a scroll of enchant weapon {unknown}
 l - a scroll of noise {unknown}
 m - a scroll of enchant armour {unknown}
 p - a scroll of blinking {unknown}
Potions
 d - a potion of attraction
 g - 2 potions of might
 i - 2 potions of curing
 o - 2 potions of brilliance {unknown}
 s - a potion of heal wounds


   Skills:
 * Level 2.1 Fighting
 + Level 3.7 Dodging
 - Level 5.2 Stealth
 + Level 1.2 Shields
 + Level 7.2 Unarmed Combat
 * Level 4.6 Spellcasting
 + Level 4.8 Transmutations
 + Level 3.1 Poison Magic


You had 13 spell levels left.
You knew the following spells:

 Your Spells              Type           Power        Failure   Level
a - Beastly Appendage     Tmut           42%          8%          1
b - Spider Form           Tmut/Pois      9%           22%         3

Your spell library contained the following spells:

 Spells                   Type           Power        Failure   Level
 Wereblood                Tmut           21%          10%         2
 Ice Form                 Ice/Tmut       12%          67%         4
 Blade Hands              Tmut           10%          67%         5


Dungeon Overview and Level Annotations

Branches:
Dungeon (7/15)             Bailey (1/1)
 Temple: D:4-7

Altars:
Dithmenos
Sif Muna
Trog
Xom
Zin

Shops:
D:4 *

Annotations:
D:3 exclusion: 2 downstairs
D:4 exclusion: 2 phantoms, Blork the orc, Menkaure


Innate Abilities, Weirdness & Mutations

You cannot wear most types of armour.
You are very stealthy in the water. (Stealth+)
((You are amphibious.))
You can wear up to eight rings at the same time.
((You can use your tentacles to constrict eight enemies at once.))
((Your skin changes colour to match your surroundings (Stealth+).))
((Your rubbery body absorbs attacks. (AC +1, EV +1)))


Message History

You kill the orc!
The orc complains loudly.
The orc completely misses you. You block the orc warrior's attack.
The orc completely misses you. You block the orc's attack. x2
You bite the orc!
You kill the orc!
The orc closely misses you. The orc completely misses you.
The orc hits you from afar with a +0 spear.
The orc warrior hits you from afar with a +0 halberd!
You are too injured to fight recklessly!
You are too injured to fight recklessly!
Unknown command.
As you read the scroll labelled GAENNU VEILUAC, it crumbles to dust.
It is a scroll of identify.
i - 2 potions of curing You block the orc's attack.
The orc hits you but does no damage.
The orc hits you from afar with a +0 spear.
You block the orc's attack.
The orc warrior hits you from afar with a +0 halberd!!
You die...

#######
##.o∩..##
#s)o....#
#∩)o...∩#
#ooo....#
#oo.....#
#o......#
#.......#
#.......#
#.......#
#.......#


You could see an orc warrior and 8 orcs.

Vanquished Creatures
  Sigmund (D:2)
  2 ice beasts
  A phantom (D:5)
  A sky beast (D:5)
  An ogre (D:5)
  A big kobold (D:5)
  3 bullfrogs
  4 scorpions
  A centaur zombie (D:7)
  A quasit (D:5)
  An orc priest (D:6)
  Crazy Yiuf (D:2)
  3 hounds
  An orc wizard (D:5)
  Terence (D:3)
  Jessica (D:3)
  An iguana (D:3)
  Natasha (thrice) (D:2)
  A killer bee zombie (D:7)
  A hound skeleton (D:5)
  Robin (D:4)
  2 howler monkey skeletons (D:5)
  5 adders
  A white imp (D:5)
  An ooze (D:1)
  5 worms (D:2)
  3 dart slugs
  5 leopard geckos
  19 orcs
  2 giant cockroaches
  19 goblins
  6 hobgoblins
  2 jackals (D:3)
  19 kobolds
  2 quokkas
  A ball python (D:5)
  8 bats
  6 frilled lizards
  A leopard gecko zombie (D:5)
  6 rats
144 creatures vanquished.

Vanquished Creatures (others)
  A goblin (D:2)
  4 fungi (D:2)
  15 plants
20 creatures vanquished.

Grand Total: 164 creatures vanquished

Notes
Turn   | Place    | Note
-------+----------+-------------------------------------------
     0 | D:1      | H0rd4k the Octopode Transmuter began the quest for the Orb.
     0 | D:1      | Reached XP level 1. HP: 13/13 MP: 3/3
   100 | D:1      | Reached XP level 2. HP: 15/18 MP: 5/5
   760 | D:1      | Reached XP level 3. HP: 13/23 MP: 6/6
   768 | D:1      | Learned a level 3 spell: Spider Form
  1388 | D:2      | Noticed Natasha
  1395 | D:2      | Killed Natasha
  1396 | D:2      | Reached skill level 1 in Stealth
  1396 | D:2      | Reached XP level 4. HP: 19/28 MP: 7/7
  1527 | D:2      | Noticed Natasha
  1558 | D:2      | Killed Natasha
  1559 | D:2      | Reached skill level 4 in Unarmed Combat
  1559 | D:2      | Reached skill level 1 in Poison Magic
  1800 | D:2      | Noticed Sigmund
  1809 | D:2      | Killed Sigmund
  1810 | D:2      | Reached XP level 5. HP: 23/33 MP: 7/9
  1810 | D:2      | Reached XP level 6. HP: 27/38 MP: 7/10
  1974 | D:2      | Noticed Natasha
  1989 | D:2      | Killed Natasha
  2603 | D:2      | Found a shimmering altar of Xom.
  2603 | D:2      | Found a glowing silver altar of Zin.
  2603 | D:2      | Noticed an angel
  2860 | D:2      | Found a runed translucent door.
  2861 | D:2      | Noticed Crazy Yiuf
  2953 | D:2      | Killed Crazy Yiuf
  3031 | D:3      | Found a shadowy altar of Dithmenos.
  3225 | D:3      | Noticed Jessica
  3231 | D:3      | Killed Jessica
  3425 | D:3      | Reached skill level 5 in Unarmed Combat
  3543 | D:3      | Noticed Terence
  3551 | D:3      | Killed Terence
  3985 | D:4      | Reached XP level 7. HP: 41/43 MP: 7/11
  4195 | D:4      | Noticed Blork the orc
  4684 | D:4      | Noticed Robin
  4962 | D:4      | Killed Robin
  4998 | D:4      | Noticed Menkaure
  5005 | D:4      | Found Guass's Assorted Antiques.
  5018 | D:4      | Found a shimmering blue altar of Sif Muna.
  5115 | D:4      | You fall into a shaft and drop 2 floors!
  5212 | D:6      | Found a bloodstained altar of Trog.
  5250 | D:6      | Reached XP level 8. HP: 19/49 MP: 11/13
  5277 | D:6      | HP: 2/49 [poisoned by a scorpion]
  5296 | D:6      | Reached skill level 6 in Unarmed Combat
  6342 | D:5      | Entered Level 5 of the Dungeon
  6534 | D:5      | Reached skill level 5 in Stealth
  7238 | D:5      | Reached skill level 1 in Shields
  7511 | D:5      | Reached skill level 7 in Unarmed Combat
  7907 | D:7      | Reached XP level 9. HP: 46/54 MP: 15/15
  7927 | D:7      | Found a flagged portal.
  8074 | Bailey   | Entered a bailey
  8092 | Bailey   | Slain by an orc warrior

Illustrated notes

Levels and vault maps discovered:
D:1:      wheals_arrival_shading, layout_rooms, lexackson_kobold_supper
D:2:      layout_loops_ring, grunt_temple_overflow_order_and_chaos_1,
          uniq_sigmund, uniq_natasha, uniq_crazy_yiuf_cottage
D:3:      layout_loops_ring, lemuel_crystal_altar, uniq_terence, uniq_jessica
D:4:      layout_cave_pools, led_sif_book, minitemple, serial_shops,
          nicolae_shop_overgrown_old_shop, uniq_robin, uniq_blork_the_orc,
          uniq_menkaure
D:5:      layout_loops_ring
D:6:      layout_basic, lemuel_tele_altar
D:7:      layout_basic, marbit_many_paths, minmay_temple_entry_sparse_star,
          serial_shops, nicolae_shop_behind_doors, enter_bailey_5,
          hex_intersection, kennysheep_minor_cross, kennysheep_generic_room_9
Bailey:   bailey_polearm_5, bailey

Skill      XL: |  1  2  3  4  5  6  7  8 |
---------------+-------------------------+-----
Stealth        | 1 2 3 4 5 |  5.2
Unarmed Combat | 4 5 7 |  7.2
Poison Magic   | 2 3 |  3.1
Spellcasting   | 3 4 |  4.6
Transmutations | 3 4 |  4.8
Dodging        | 3 |  3.7
Shields        | 1 |  1.2
Fighting       | 2 |  2.1

Action                   |  1- 3 |  4- 6 |  7- 9 || total
-------------------------+-------+-------+-------++-------
Melee: Unarmed           |    68 |   112 |   238 ||   418
       Constrict         |    21 |    29 |    44 ||    94
       Tentacles         |    11 |    25 |    30 ||    66
       Punch             |     2 |     5 |     4 ||    11
 Cast: Spider Form       |       |     1 |    11 ||    12
       Beastly Appendage |       |       |     1 ||     1
  Use: Potion            |       |       |     2 ||     2
       Scroll            |       |       |     1 ||     1
 Stab: Sleeping          |     5 |    10 |     6 ||    21
       Distracted        |       |     1 |       ||     1
Armor: Skin              |    10 |     7 |     8 ||    25
Dodge: Dodged            |    64 |    50 |   161 ||   275
Block: Other             |       |       |    48 ||    48
       Reflection        |       |       |     1 ||     1
